AoeStats
← Malik Bhai

Arabia

510325851Analyzed
1v1 RM · 1d ago on Sep 30, 2026· 42m 52s· 2 players
Game mode
Random Map
Map size
Tiny (2 player)
Population
200
Speed
Normal
Resources
Standard
Victory
Conquest
Starting age
Dark Age
Ending age
Imperial Age
RankedLock teamsTeams togetherTeam positionsShared explorationLock speedFull tech treeHidden civsTurbo modeCheats
Victory
Defeat
🇵🇰 Chinese · Pakistan
1592
+15
🇸🇮 Magyars · Slovenia
1573
-15
LOVRICEK BOVRICEK
6:10 Loom
9:06 Feudal Age
17:09 Fletching
19:08 Padded Archer Armor
25:03 Scale Barding Armor
25:58 Double-Bit Axe
26:30 Bloodlines
29:03 Horse Collar
34:37 Castle Age
35:10 Light Cavalry
35:57 Husbandry
35:57 Bodkin Arrow
38:37 Leather Archer Armor
43:14 Wheelbarrow
Malik Bhai
0:26 Loom
9:06 Feudal Age
9:08 Man-at-Arms
15:11 Fletching
21:57 Castle Age
20:17 Double-Bit Axe
25:04 Horse Collar
25:50 Bodkin Arrow
25:27 Crossbowman
33:11 Scale Mail Armor
35:56 Chain Mail Armor
35:46 Arson
39:01 Ballistics
38:54 Padded Archer Armor
39:52 Leather Archer Armor
44:39 Imperial Age
42:41 Bow Saw
Connection lost

Rejoining the realm…

Still unreachable

The connection could not be restored.

Session expired

The server has moved on; the page needs a fresh start.